 Dungeon Crawl Stone Soup version 0.23.0-3-gf3c87f2 (webtiles) character file.

Game seed: 13257354268105504406

8136 SeriousVitamin the Arsonist (level 11, -13/54 HPs)
             Began as a Deep Elf Fire Elementalist on Feb 22, 2019.
             Was a Believer of Vehumet.
             Mangled by a swamp worm (14 damage)
             ... on level 2 of the Lair of Beasts.
             The game lasted 00:30:58 (12015 turns).

SeriousVitamin the Arsonist (DEFE)                 Turns: 12015, Time: 00:31:19

Health: -13/54     AC:  4    Str:  5    XL:     11   Next: 5%
Magic:  15/27      EV: 13    Int: 26    God:    Vehumet [**....]
Gold:   177        SH:  0    Dex: 19    Spells: 17/30 levels left

rFire    + . .     SeeInvis .   m - staff of wizardry
rCold    x . .     Gourm    .   (no shield)
rNeg     . . .     Faith    .   a - +0 robe
rPois    .         Spirit   .   t - +1 helmet
rElec    .         Reflect  .   (no cloak)
rCorr    .         Harm     .   (no gloves)
MR       +++..                  (no boots)
Stlth    ++++......             (no amulet)
HPRegen  0.18/turn              w - ring of Xom's Best Wishes {Fire Dex+2}
MPRegen  0.20/turn              A - ring of protection from magic

@: very slightly contaminated
A: thin skeletal structure 1, camouflage 1, clever 1, magic resistance 1
a: Renounce Religion


You were on level 2 of the Lair of Beasts.
You worshipped Vehumet.
Vehumet was pleased with you.
You were not hungry.

You visited 3 branches of the dungeon, and saw 11 of its levels.

You collected 471 gold pieces.
You spent 294 gold pieces at shops.

Inventory:

Hand Weapons
 e - a +3 dagger of venom
Armour
 a - a +0 robe (worn)
 t - a +1 helmet (worn)
Magical Staves
 m - an uncursed staff of wizardry (weapon)
 s - an uncursed staff of fire {unknown}
Jewellery
 o - an uncursed ring of positive energy
 w - the ring of Xom's Best Wishes (left hand) {Fire Dex+2}
   (You found it on level 7 of the Dungeon)

   [ring of fire]

   It enhances your fire magic.
   It affects your dexterity (+2).
   It protects you from fire.
   It makes you vulnerable to cold.
 A - a ring of protection from magic (right hand)
 E - an uncursed ring of poison resistance {unknown}
 H - the ring of Ehucuj {*Tele Str+2}
   (You found it on level 2 of the Lair of Beasts)

   [ring of teleportation]

   It may teleport you next to monsters.
   It affects your strength (+2).
Wands
 k - a wand of flame (9)
 q - a wand of random effects (35)
 v - a wand of disintegration (6)
 x - a wand of polymorph (12)
 D - a wand of digging (6)
Scrolls
 b - 2 scrolls of teleportation
 d - 2 scrolls of remove curse
 l - a scroll of immolation
 n - a scroll of fear
 z - 2 scrolls of fog
Potions
 f - a potion of invisibility
 g - a potion of heal wounds
 h - 5 potions of curing
 i - 4 potions of haste
 j - 3 potions of flight
 p - a potion of might
 r - a potion of agility
 u - a potion of cancellation {unknown}
 B - a potion of lignification
 C - a potion of ambrosia {unknown}
 F - a potion of resistance {unknown}
Comestibles
 c - 22 rations


   Skills:
 - Level 2.4 Dodging
 - Level 2.4 Stealth
 + Level 10.4 Spellcasting
 * Level 11.7 Conjurations
 * Level 12.0 Fire Magic


You had 17 spell levels left.
You knew the following spells:

 Your Spells              Type           Power        Failure   Level  Hunger
a - Flame Tongue          Conj/Fire      #####        1%          1    None
c - Conjure Flame         Conj/Fire      #######.     1%          3    None
e - Sticky Flame          Conj/Fire      #######.     1%          4    None
f - Fireball              Conj/Fire      #######...   1%          5    ####...

Your spell library contained the following spells:

 Spells                   Type           Power        Failure   Level  Hunger
 Shock                    Conj/Air       ####         1%          1    None
 Corona                   Hex            ##.....      1%          1    None
 Throw Flame              Conj/Fire      ######       1%          2    None
 Inner Flame              Hex/Fire       ######..     1%          3    None
 Slow                     Hex            ##......     2%          2    None
 Portal Projectile        Hex/Tloc       ##....       5%          3    None
 Cause Fear               Hex            ##........   17%         4    None
 Leda's Liquefaction      Hex/Erth       ##........   17%         4    None


Dungeon Overview and Level Annotations

Branches:
Dungeon (8/15)             Temple (1/1) D:6            Lair (2/6) D:8
  Swamp: Lair:2-4    Shoals: Lair:2-4     Snake: Lair:2-4    Spider: Lair:2-4

Altars:
Ashenzari
Cheibriados
Dithmenos
Elyvilon
Fedhas
Gozag
Hepliaklqana
Kikubaaqudgha
Makhleb
Nemelex Xobeh
Okawaru
Qazlal
Ru
Sif Muna
Trog
Uskayaw
Vehumet
Wu Jian
Xom
Yredelemnul
Zin
The Shining One

Shops:
D:7 ?   D:8 *


Innate Abilities, Weirdness & Mutations

You have a somewhat thin skeletal structure. (Dex +2, Stealth)
Your skin changes colour to match your surroundings (Stealth+).
Your mind is acute. (Int +2)
You are resistant to hostile enchantments. (MR+)


Message History

The harpoon shot hits you!
You are yanked forward by the harpoon shot.
A swamp worm comes into view.
The swamp worm bites you!!
Casting: Sticky Flame (safe; 1% risk of failure)
Confirm with . or Enter, or press ? or * to list all spells.
Okay, then.
Okay, then.
Blink to where?
Press: ? - help, Dir - move target cursor You are very lightly contaminated with residual magic.
As you read the scroll of blinking, it crumbles to dust.
Found a runed rapier.
The swamp worm throws harpoon shot at you.
The harpoon shot hits you!!
* * * LOW HITPOINT WARNING * * *
You are yanked forward by the harpoon shot.
A tyrant leech comes into view.
The swamp worm bites you!
You die...

.......≈≈≈ #≈≈≈
..w....≈≈P w≈P#
P....w≈≈≈ ##.....≈≈≈
#.P...#P≈≈
#...w..w..
#.#...#.## ##†##w.#
# #..##.@# #### .##
##......##.P###...#
.................. .
#P.#.###..P.#.P#...#
.(..#. #$...........
.P#..
####)#.PP#P...P #
P..#( #.###### .## #
##. .. ## # #


You could see 2 tyrant leeches and 2 swamp worms.

Vanquished Creatures
  A hydra (Lair:1)
  Sonja (Lair:1)
  A black mamba (Lair:1)
  A spiny frog (Lair:1)
  A komodo dragon (Lair:2)
  A polar bear (Lair:2)
  3 blink frogs (Lair:1)
  A wyvern (D:8)
  3 yaks (Lair:1)
  A human (D:8)
  A swamp worm (Lair:2)
  3 water moccasins
  3 porcupines (Lair:1)
  3 orc warriors
  A sky beast (D:5)
  5 ogres
  A phantom (D:6)
  4 crocodiles (Lair:1)
  3 big kobolds
  6 bullfrogs
  4 scorpions
  5 wights (D:8)
  3 killer bees (D:8)
  2 howler monkeys
  5 crimson imps
  6 orc priests
  6 hounds
  9 orc wizards
  A jelly (D:7)
  A centaur skeleton (D:7)
  A gnoll shaman (D:8)
  Terence (D:3)
  Ijyb (D:5)
  Natasha (D:3)
  4 iguanas
  7 worker ants
  3 gnolls (D:8)
  7 adders
  A shadow imp (D:6)
  An ooze (D:5)
  An adder skeleton (D:4)
  4 worms
  2 dart slugs
  6 leopard geckos
  40 orcs
  A ball python (D:3)
  11 bats
  7 giant cockroaches
  13 goblins
  11 hobgoblins
  4 quokkas
  A ball python skeleton (D:5)
  3 frilled lizards
  A jackal skeleton (D:6)
  17 kobolds
  A leopard gecko zombie (D:7)
  A quokka skeleton (D:4)
  10 rats
247 creatures vanquished.

Vanquished Creatures (others)
  2 fungi (Lair:2)
  3 plants (Lair:2)
5 creatures vanquished.

Grand Total: 252 creatures vanquished

Notes
Turn   | Place    | Note
-------+----------+-------------------------------------------
     0 | D:1      | SeriousVitamin the Deep Elf Fire Elementalist began the
                  | quest for the Orb.
     0 | D:1      | Reached XP level 1. HP: 10/10 MP: 6/6
   396 | D:1      | Reached XP level 2. HP: 15/15 MP: 4/8
  1147 | D:2      | Reached XP level 3. HP: 6/19 MP: 5/9
  1520 | D:2      | Reached skill level 4 in Fire Magic
  1579 | D:2      | Reached XP level 4. HP: 10/24 MP: 0/11
  2311 | D:3      | Learned a level 3 spell: Conjure Flame
  2429 | D:3      | Noticed Terence
  2434 | D:3      | Killed Terence
  2579 | D:3      | Reached XP level 5. HP: 26/28 MP: 7/13
  2586 | D:3      | Learned a level 4 spell: Sticky Flame
  2918 | D:3      | Noticed Natasha
  2920 | D:3      | Killed Natasha
  3189 | D:3      | Reached skill level 5 in Fire Magic
  3446 | D:4      | Reached XP level 6. HP: 26/32 MP: 9/14
  3738 | D:4      | Reached skill level 5 in Spellcasting
  3940 | D:4      | Got a warped hand axe
  3945 | D:4      | Reached skill level 5 in Conjurations
  3945 | D:4      | Reached skill level 6 in Fire Magic
  4153 | D:4      | Identified the cursed +0 hand axe of Beogh's Hope
                  | {antimagic, +Rage Dex+5} (You found it on level 4 of the
                  | Dungeon)
  4165 | D:4      | Reached XP level 7. HP: 36/36 MP: 9/16
  5447 | D:5      | Entered Level 5 of the Dungeon
  5493 | D:5      | Reached skill level 7 in Fire Magic
  5658 | D:5      | Reached XP level 8. HP: 32/41 MP: 17/19
  5716 | D:5      | Noticed Ijyb
  5732 | D:5      | Killed Ijyb
  5958 | D:5      | Learned a level 5 spell: Fireball
  6690 | D:6      | Reached skill level 8 in Fire Magic
  6877 | D:6      | Found a staircase to the Ecumenical Temple.
  7013 | Temple   | Entered the Ecumenical Temple
  7100 | Temple   | Became a worshipper of Vehumet
  7109 | Temple   | Gained mutation: Your skin changes colour to match your
                  | surroundings (Stealth+). [potion of mutation]
  7109 | Temple   | Gained mutation: You are resistant to hostile enchantments.
                  | (MR+) [potion of mutation]
  7109 | Temple   | Gained mutation: You have a somewhat thin skeletal
                  | structure. (Dex +2, Stealth) [potion of mutation]
  7109 | Temple   | Gained mutation: Your mind is acute. (Int +2) [potion of
                  | mutation]
  7495 | D:7      | Reached XP level 9. HP: 41/45 MP: 15/22
  7708 | D:7      | Reached skill level 9 in Fire Magic
  7733 | D:7      | Got a heavily runed iron ring
  7928 | D:6      | Identified the ring of Xom's Best Wishes {Fire Dex+2} (You
                  | found it on level 7 of the Dungeon)
  8106 | D:7      | Found Zaebaref's Magic Scroll Emporium.
  8115 | D:7      | Bought a scroll of identify for 24 gold pieces
  8115 | D:7      | Bought 3 scrolls of identify for 72 gold pieces
  8115 | D:7      | Bought a scroll of identify for 24 gold pieces
  8115 | D:7      | Bought 2 scrolls of identify for 48 gold pieces
  8115 | D:7      | Bought a scroll of random uselessness for 12 gold pieces
  8240 | D:7      | Reached * piety under Vehumet
  8240 | D:7      | Offered knowledge of Sandblast by Vehumet.
  8537 | D:7      | Bought a scroll of identify for 24 gold pieces
  8537 | D:7      | Bought a scroll of enchant armour for 90 gold pieces
  8872 | D:8      | Found Fedam's Serpentskin Sales.
  9157 | D:8      | Found an opulent altar of Gozag.
  9214 | D:8      | Reached skill level 10 in Fire Magic
  9635 | D:8      | Found a staircase to the Lair.
  9648 | D:8      | Offered knowledge of Shock by Vehumet.
  9648 | D:8      | Reached skill level 10 in Conjurations
  9947 | D:8      | Reached XP level 10. HP: 41/50 MP: 18/24
 10467 | Lair:1   | Entered Level 1 of the Lair of Beasts
 10509 | Lair:1   | Noticed a spiny frog
 10526 | Lair:1   | Reached ** piety under Vehumet
 10529 | Lair:1   | Killed a spiny frog
 10628 | Lair:1   | Noticed a black mamba
 10634 | Lair:1   | Killed a black mamba
 10634 | Lair:1   | Reached skill level 11 in Fire Magic
 11211 | Lair:1   | Noticed a five-headed hydra
 11216 | Lair:1   | Killed a five-headed hydra
 11216 | Lair:1   | Reached skill level 10 in Spellcasting
 11304 | Lair:1   | Noticed Sonja
 11307 | Lair:1   | Killed Sonja
 11811 | Lair:2   | Got a shimmering silver ring
 11815 | Lair:2   | Identified the ring of Ehucuj {*Tele Str+2} (You found it
                  | on level 2 of the Lair of Beasts)
 11849 | Lair:2   | Reached skill level 12 in Fire Magic
 11849 | Lair:2   | Reached XP level 11. HP: 43/54 MP: 19/27
 12015 | Lair:2   | HP: 1/54 [swamp worm/harpoon shot (19)]
 12015 | Lair:2   | Mangled by a swamp worm

Skill      XL: |  1  2  3  4  5  6  7  8  9 10 |
---------------+-------------------------------+-----
Conjurations   | 2 3 4 5 6 8 10 11 | 11.7
Fire Magic     | 4 5 6 7 8 10 12 | 12.0
Spellcasting   | 4 5 6 7 8 10 | 10.4
Dodging        | |  2.4
Stealth        | |  2.4

Action                   |  1- 3 |  4- 6 |  7- 9 | 10-12 || total
-------------------------+-------+-------+-------+-------++-------
Melee: Dagger            |    34 |    38 |   128 |       ||   200
       Staff             |       |       |     6 |     5 ||    11
 Cast: Flame Tongue      |    41 |   105 |   250 |    76 ||   472
       Sticky Flame      |       |     5 |    30 |    13 ||    48
       Conjure Flame     |       |       |     5 |     8 ||    13
       Fireball          |       |       |     7 |     4 ||    11
  Use: Scroll            |       |     4 |    22 |     3 ||    29
       Potion            |       |       |     4 |       ||     4
 Stab: Sleeping          |     1 |     1 |     1 |       ||     3
       Distracted        |       |       |     1 |       ||     1
  Eat: Chunk             |     2 |     8 |    14 |     1 ||    25
       Ration            |       |       |     2 |     2 ||     4
Armor: Robe              |     9 |    14 |    37 |     1 ||    61
Dodge: Dodged            |    35 |    61 |   136 |    11 ||   243
